 Dungeon Crawl Stone Soup version 0.28.0-47-ge53b351184 (webtiles) character file.

Game seed: 1999042353944263146

16 Bruhh the Changer (level 2, 0/21 HPs)
             Began as a Merfolk Transmuter on Apr 27, 2022.
             Slain by a hound (3 damage)
             ... on level 2 of the Dungeon.
             The game lasted 00:01:39 (894 turns).

Bruhh the Changer (Merfolk Transmuter)               Turns: 894, Time: 00:01:40

Health: 0/21       AC:  2    Str: 10    XL:     2   Next: 58%
Magic:  5/5        EV: 12    Int: 12    God:
Gold:   27         SH:  0    Dex: 14    Spells: 4/5 levels left

rFire   . . .      SeeInvis .     - Unarmed
rCold   . . .      Faith    .   (no shield)
rNeg    . . .      Spirit   .   a - +0 robe
rPois   .          Reflect  .   (helmet currently unavailable)
rElec   .          Harm     .   (no cloak)
rCorr   .          Rampage  .   (no gloves)
Will    .....                   (boots currently unavailable)
Stlth   +.........              (no amulet)
HPRegen 0.07/turn               (no ring)
MPRegen 0.09/turn               (no ring)

@: appendages (expiring)
A: horns 2, (nimble swimmer 2), mertail
a: End Transformation


You were on level 2 of the Dungeon.
You had temporarily grown beastly horns.
You visited 1 branch of the dungeon, and saw 2 of its levels.

You collected 27 gold pieces.

Inventory:

Armour
 a - a +0 robe (worn)
Scrolls
 e - a scroll of teleportation {unknown}
 f - a scroll of blinking {unknown}
Potions
 b - a potion of berserk rage {unknown}
 c - a potion of might {unknown}
 d - a potion of resistance {unknown}


   Skills:
 - Level 1.1 Fighting
 - Level 2.6 Dodging
 - Level 3.2 Unarmed Combat
 - Level 2.0 Spellcasting
 + Level 4.2 Transmutations


You had 4 spell levels left.
You knew the following spells:

 Your Spells              Type           Power      Damage    Failure   Level
a - Beastly Appendage     Tmut           22%        N/A       4%          1

Your spell library contained the following spells:

 Spells                   Type           Power      Damage    Failure   Level
 Wereblood                Tmut           11%        N/A       8%          2
 Sandblast                Erth           2%         2d4       26%         1
 Spider Form              Tmut/Pois      6%         N/A       34%         3
 Ice Form                 Ice/Tmut       6%         N/A       75%         4


Dungeon Overview and Level Annotations

Branches:
Dungeon (2/15)

Altars:


Innate Abilities, Weirdness & Mutations

You have temporarily grown beastly horns.
((You are very nimble when in or above water. (Stealth+, EV+, Speed+++)))
Your lower body shifts to a powerful aquatic tail in water.


Message History

You kill the quokka!
The hound bites you.
You barely miss the hound. You headbutt the hound!
The hound is heavily wounded.
The hound bites you. The hound bites you but does no damage. The rat bites you.
You are too injured to fight recklessly!
You are too injured to fight recklessly!
You are too injured to fight recklessly!
You are too injured to fight recklessly!
The hound closely misses you.
You see here a hobgoblin corpse.
The hound bites you.
* * * LOW HITPOINT WARNING * * *
You hit the hound.
The hound is heavily wounded.
The hound completely misses you.
You closely miss the hound.
The hound is heavily wounded.
The hound bites you.
* * * LOW HITPOINT WARNING * * *
The hound barely misses you.
You barely miss the hound. You headbutt the hound.
The hound is severely wounded.
The hound bites you but does no damage.
You barely miss the hound. Your headbutt misses the hound.
The hound is severely wounded.
The hound barely misses you.
You hit the hound but do no damage. Your headbutt misses the hound.
You punch the hound, but do no damage.
The hound is severely wounded.
The hound bites you but does no damage. The hound barely misses you.
You miss the hound.
The hound is severely wounded.
The hound bites you.
* * * LOW HITPOINT WARNING * * *
You completely miss the hound. Your headbutt misses the hound.
The hound is severely wounded.
Your transformation is almost over.
The hound bites you.
You die...

#....# #....#
#>...# ##########
#....# #........#
#....###........###
#......#...........
#....#.....<.....#
#....##.##.<####.#
##.####.##.@hr# #.#
#(##.##........ #.#
#.##.##........ #.#
#..............
#.##
#.........#....
#..#
#.........#....
##.# #..........
... . #.#
#.........#. .. .##
#.#


You could see a hound and a rat.

Vanquished Creatures
  2 ball pythons
  A bat (D:1)
  An endoplasm (D:2)
  2 goblins
  2 hobgoblins
  2 quokkas
  2 frilled lizards
  3 rats
15 creatures vanquished.

Notes
Turn   | Place    | Note
-------+----------+-------------------------------------------
     0 | D:1      | Bruhh the Merfolk Transmuter began the quest for the Orb.
     0 | D:1      | Reached XP level 1. HP: 15/15 MP: 3/3
    33 | D:1      | Reached skill level 3 in Transmutations
    42 | D:1      | Found a faded altar of an unknown god.
    50 | D:1      | Got Plato's Tome of the Rocks
   390 | D:1      | Reached XP level 2. HP: 21/21 MP: 3/5
   731 | D:2      | Reached skill level 4 in Transmutations
   894 | D:2      | Slain by a hound

Illustrated notes

Levels and vault maps discovered:
D:1:      psy_arrival_whirlpool, layout_rooms,
          shapermc_ecumenical_altar_rom_forum
D:2:      layout_rooms, nicolae_underground_beach, uniq_jessica

Skill      XL: |  1  2 |
---------------+-------+-----
Transmutations | 3 4 |  4.2
Fighting       | |  1.1
Dodging        | |  2.6
Unarmed Combat | |  3.2
Spellcasting   | |  2.0

Action                   || total
-------------------------++-------
Melee: Unarmed           ||    54
       Headbutt          ||     9
       Punch             ||     3
 Cast: Beastly Appendage ||    11
Armor: Robe              ||    10
Dodge: Dodged            ||    31
